TOP OF THE 1ST |
Chula Vista Tacos batting - Pitching for Salem Sledgehammers : LHP Pepe Gómez
|
Pitching: LHP Pepe Gómez
|
|
Batting: RHB Matt O'Rourke
|
0-0: Called Strike 0-1: Foul Ball, location: 2F 0-2: Foul Ball, location: 2F 0-2: Ball 1-2: Strikes out swinging
|
Batting: RHB Gerald Davis
|
0-0: Called Strike 0-1: Ball 1-1: Ball 2-1: Foul Ball, location: 2F 2-2: Strikes out swinging
|
Batting: LHB John White
|
0-0: Ball 1-0: Foul Ball, location: 2F 1-1: Ball 2-1: Swinging Strike 2-2: Foul Ball, location: 2F 2-2: Ground out 4-3 (Groundball, 4)
|
Top of the 1st over - 0 run(s), 0 hit(s), 0 error(s), 0 left on base; Chula Vista 0 - Salem 0 |
BOTTOM OF THE 1ST |
Salem Sledgehammers batting - Pitching for Chula Vista Tacos : RHP Chris Jacobs
|
Pitching: RHP Chris Jacobs
|
|
Batting: RHB Luis Bustamante
|
0-0: Ball 1-0: Called Strike 1-1: Ball 2-1: Foul Ball, location: 2F 2-2: Foul Ball, location: 2F 2-2: Strikes out swinging
|
Batting: RHB José García
|
0-0: Ball 1-0: Swinging Strike 1-1: Foul Ball, location: 2F 1-2: Foul Ball, location: 2F 1-2: Foul Ball, location: 2F 1-2: Strikes out looking
|
Batting: SHB Richard Griffin
|
0-0: Called Strike 0-1: Called Strike 0-2: Ball 1-2: Foul Ball, location: 2F 1-2: Ball 2-2: Ground out 4-3 (Groundball, 4M)
|
Bottom of the 1st over - 0 run(s), 0 hit(s), 0 error(s), 0 left on base; Chula Vista 0 - Salem 0 |
TOP OF THE 2ND |
Chula Vista Tacos batting - Pitching for Salem Sledgehammers : LHP Pepe Gómez
|
Batting: RHB Jake Reeves
|
0-0: Called Strike 0-1: Called Strike 0-2: Ball 1-2: Strikes out swinging
|
Batting: LHB Ethan Shaw
|
0-0: Foul Ball, location: 2F 0-1: Foul Ball, location: 2F 0-2: Ground out 4-3 (Groundball, 4S)
|
Batting: RHB Javier González
|
0-0: Swinging Strike 0-1: Ball 1-1: Ball 2-1: Foul Ball, location: 2F 2-2: Ball 3-2: Fly out, F8 (Flyball, 78D)
|
Top of the 2nd over - 0 run(s), 0 hit(s), 0 error(s), 0 left on base; Chula Vista 0 - Salem 0 |
BOTTOM OF THE 2ND |
Salem Sledgehammers batting - Pitching for Chula Vista Tacos : RHP Chris Jacobs
|
Batting: SHB Enrique Uribe
|
0-0: Ball 1-0: Ball 2-0: Ball 3-0: Base on Balls
|
Batting: RHB Bobby Miller
|
0-0: Ball 1-0: Foul Ball, location: 2F 1-1: Fielders Choice at 2nd, 6-4 (Groundball, 6)
|
Batting: RHB Glenn Broadwater
|
0-0: Ball 1-0: SINGLE (Line Drive, 4D) Bobby Miller to second Runner from 2nd tries for 3rd, SAFE, throw made to third
|
Batting: RHB Gilberto Silva
|
0-0: Swinging Strike 0-1: Ball 1-1: Ball 2-1: Foul Ball, location: 2F 2-2: Fly out, F4 (Popup, 3D)
|
Batting: RHB Robert Stevens
|
0-0: Ball 1-0: Ball 2-0: Foul Ball, location: 2F 2-1: Ball 3-1: Fly out, F5 (Popup, 5L)
|
Bottom of the 2nd over - 0 run(s), 1 hit(s), 0 error(s), 2 left on base; Chula Vista 0 - Salem 0 |
TOP OF THE 3RD |
Chula Vista Tacos batting - Pitching for Salem Sledgehammers : LHP Pepe Gómez
|
Batting: LHB Arthur MacDonald
|
0-0: Swinging Strike 0-1: Foul Ball, location: 2F 0-2: Ball 1-2: Ball 2-2: Strikes out swinging
|
Batting: LHB Nick Hill
|
0-0: Ball 1-0: Ball 2-0: Ball 3-0: Base on Balls
|
Batting: LHB Gonzalo Benítez
|
0-0: Called Strike 0-1: Hit by Pitch Nick Hill to second
|
Batting: RHB Matt O'Rourke
|
0-0: SINGLE (Groundball, 56D) Nick Hill to third Gonzalo Benítez to second
|
Batting: RHB Gerald Davis
|
0-0: Ball 1-0: Ball 2-0: Ground out U3 (Groundball, 34S) Nick Hill scores Gonzalo Benítez to third Matt O'Rourke to second
|
Batting: LHB John White
|
0-0: Ball 1-0: Called Strike 1-1: Fly out, F6 (Line Drive, 6)
|
Top of the 3rd over - 1 run(s), 1 hit(s), 0 error(s), 2 left on base; Chula Vista 1 - Salem 0 |
BOTTOM OF THE 3RD |
Salem Sledgehammers batting - Pitching for Chula Vista Tacos : RHP Chris Jacobs
|
Batting: RHB Lakota O'Reilly
|
0-0: Bunt for hit - play at first, batter OUT! 1-3
|
Batting: RHB Luis Bustamante
|
0-0: Ball 1-0: SOLO HOME RUN (Flyball, 78XD), Distance : 407 ft
|
Batting: RHB José García
|
0-0: Swinging Strike 0-1: Ball 1-1: Called Strike 1-2: Strikes out looking
|
Batting: SHB Richard Griffin
|
0-0: Foul Ball, location: 2F 0-1: Ground out 4-3 (Groundball, 4)
|
Bottom of the 3rd over - 1 run(s), 1 hit(s), 0 error(s), 0 left on base; Chula Vista 1 - Salem 1 |
TOP OF THE 4TH |
Chula Vista Tacos batting - Pitching for Salem Sledgehammers : LHP Pepe Gómez
|
Batting: RHB Jake Reeves
|
0-0: Called Strike 0-1: Ball 1-1: Foul Ball, location: 2F 1-2: Ball 2-2: Ball 3-2: Strikes out swinging
|
Batting: LHB Ethan Shaw
|
0-0: Ground out U3 (Groundball, 3)
|
Batting: RHB Javier González
|
0-0: Ball 1-0: Ball 2-0: Ball 3-0: Base on Balls
|
Batting: LHB Arthur MacDonald
|
0-0: Ball 1-0: Swinging Strike 1-1: Ball 2-1: Swinging Strike 2-2: Strikes out swinging
|
Top of the 4th over - 0 run(s), 0 hit(s), 0 error(s), 1 left on base; Chula Vista 1 - Salem 1 |
BOTTOM OF THE 4TH |
Salem Sledgehammers batting - Pitching for Chula Vista Tacos : RHP Chris Jacobs
|
Batting: SHB Enrique Uribe
|
0-0: Called Strike 0-1: Swinging Strike 0-2: Foul Ball, location: 2F 0-2: Ball 1-2: Ball 2-2: SINGLE (Groundball, 4D)
|
Batting: RHB Bobby Miller
|
0-0: Ball 1-0: Ball 2-0: Ball 3-0: Called Strike 3-1: Swinging Strike 3-2: Foul Ball, location: 2F 3-2: Grounds into double play, 5-4-3 (Groundball, 5)
|
Batting: RHB Glenn Broadwater
|
0-0: Called Strike 0-1: Fly out, F6 (Popup, 6)
|
Bottom of the 4th over - 0 run(s), 1 hit(s), 0 error(s), 0 left on base; Chula Vista 1 - Salem 1 |
TOP OF THE 5TH |
Chula Vista Tacos batting - Pitching for Salem Sledgehammers : LHP Pepe Gómez
|
Batting: LHB Nick Hill
|
0-0: Ball 1-0: Ground out 1-3 (Groundball, 15S)
|
Batting: LHB Gonzalo Benítez
|
0-0: Ball 1-0: Fly out, F3 (Line Drive, 3S)
|
Batting: RHB Matt O'Rourke
|
0-0: Called Strike 0-1: Called Strike 0-2: Ball 1-2: Strikes out looking
|
Top of the 5th over - 0 run(s), 0 hit(s), 0 error(s), 0 left on base; Chula Vista 1 - Salem 1 |
BOTTOM OF THE 5TH |
Salem Sledgehammers batting - Pitching for Chula Vista Tacos : RHP Chris Jacobs
|
Batting: RHB Gilberto Silva
|
0-0: Ball 1-0: DOUBLE (Line Drive, 89D)
|
Batting: RHB Robert Stevens
|
0-0: Intentional Walk
|
Batting: RHB Lakota O'Reilly
|
0-0: Foul Ball, location: 2F 0-1: Ball 1-1: Fly out, F8 (Flyball, 78S)
|
Batting: RHB Luis Bustamante
|
0-0: Ball 1-0: Ball 2-0: Ground out 6-3 (Groundball, 6S) Gilberto Silva to third Robert Stevens to second
|
Batting: RHB José García
|
0-0: Ball 1-0: Ground out 4-3 (Groundball, 4)
|
Bottom of the 5th over - 0 run(s), 1 hit(s), 0 error(s), 2 left on base; Chula Vista 1 - Salem 1 |
TOP OF THE 6TH |
Chula Vista Tacos batting - Pitching for Salem Sledgehammers : LHP Pepe Gómez
|
Pitching: RHP Gustavo Castillo
|
|
Batting: RHB Gerald Davis
|
0-0: Ball 1-0: Ball 2-0: Ball 3-0: Base on Balls
|
Batting: LHB John White
|
0-0: Called Strike 0-1: Swinging Strike 0-2: Strikes out looking
|
Batting: RHB Jake Reeves
|
0-0: Called Strike 0-1: Ball 1-1: Foul Ball, location: 2F 1-2: Foul Ball, location: 2F 1-2: Foul Ball, location: 2F 1-2: Strikes out looking
|
Batting: LHB Ethan Shaw
|
0-0: Ball 1-0: Foul Ball, location: 2F 1-1: Called Strike 1-2: Strikes out swinging
|
Top of the 6th over - 0 run(s), 0 hit(s), 0 error(s), 1 left on base; Chula Vista 1 - Salem 1 |
BOTTOM OF THE 6TH |
Salem Sledgehammers batting - Pitching for Chula Vista Tacos : RHP Chris Jacobs
|
Batting: SHB Richard Griffin
|
0-0: SINGLE (Line Drive, 8RS)
|
Batting: SHB Enrique Uribe
|
0-0: Foul Ball, location: 2F 0-1: Ball 1-1: Swinging Strike 1-2: Foul Ball, location: 2F 1-2: Strikes out swinging
|
Batting: RHB Bobby Miller
|
0-0: Foul Ball, location: 2F 0-1: Ball 1-1: Grounds into double play, 6-4-3 (Groundball, 6)
|
Bottom of the 6th over - 0 run(s), 1 hit(s), 0 error(s), 0 left on base; Chula Vista 1 - Salem 1 |
TOP OF THE 7TH |
Chula Vista Tacos batting - Pitching for Salem Sledgehammers : RHP Gustavo Castillo
|
Batting: RHB Javier González
|
0-0: Called Strike 0-1: Ball 1-1: Ball 2-1: Ball 3-1: Swinging Strike 3-2: SINGLE (Line Drive, 7)
|
Batting: LHB Arthur MacDonald
|
0-0: Ball 1-0: Called Strike Javier González is caught stealing 2nd base 1-1: SINGLE (Line Drive, 89S)
|
Batting: LHB Nick Hill
|
0-0: Ball 1-0: Called Strike 1-1: Ball 2-1: Ball 3-1: Foul Ball, location: 2F 3-2: Foul Ball, location: 2F 3-2: Foul Ball, location: 2F 3-2: Base on Balls Arthur MacDonald to second
|
Pinch Hitting: LHB Steven Smith
|
0-0: Ball 1-0: Swinging Strike 1-1: Ball 2-1: Swinging Strike 2-2: Strikes out swinging
|
Batting: RHB Matt O'Rourke
|
0-0: Ground out 1-3 (Groundball, P)
|
Top of the 7th over - 0 run(s), 2 hit(s), 0 error(s), 2 left on base; Chula Vista 1 - Salem 1 |
BOTTOM OF THE 7TH |
Salem Sledgehammers batting - Pitching for Chula Vista Tacos : RHP Chris Jacobs
|
Now in CF: Juan Morales
|
|
Batting: RHB Glenn Broadwater
|
0-0: Called Strike 0-1: Called Strike 0-2: Ball 1-2: Ball 2-2: Foul Ball, location: 2F 2-2: Ball 3-2: Base on Balls
|
Pitching: LHP Brian Hodges
|
|
Batting: RHB Gilberto Silva
|
0-0: 2-RUN HOME RUN (Flyball, 7D), Distance : 400 ft
|
Batting: RHB Robert Stevens
|
0-0: Called Strike 0-1: Swinging Strike 0-2: Ball 1-2: Foul Ball, location: 2F 1-2: Ball 2-2: Strikes out swinging
|
Batting: RHB Lakota O'Reilly
|
0-0: Ball 1-0: Called Strike 1-1: Ball 2-1: Fly out, F7 (Line Drive, 7)
|
Batting: RHB Luis Bustamante
|
0-0: Called Strike 0-1: Ball 1-1: Called Strike 1-2: Ground out 6-3 (Groundball, 6MS)
|
Bottom of the 7th over - 2 run(s), 1 hit(s), 0 error(s), 0 left on base; Chula Vista 1 - Salem 3 |
TOP OF THE 8TH |
Chula Vista Tacos batting - Pitching for Salem Sledgehammers : RHP Gustavo Castillo
|
Batting: RHB Gerald Davis
|
0-0: Called Strike 0-1: Ground out 1-3 (Groundball, 13S)
|
Batting: LHB John White
|
0-0: Ground out 5-3 (Groundball, 56)
|
Batting: RHB Jake Reeves
|
0-0: Called Strike 0-1: SINGLE (Flyball, 8LS)
|
Pitching: RHP Ron Moore
|
|
Batting: LHB Ethan Shaw
|
0-0: Ball 1-0: Ball 2-0: Ball 3-0: Called Strike 3-1: Called Strike 3-2: Base on Balls Jake Reeves to second
|
Batting: RHB Javier González
|
0-0: Called Strike 0-1: Fly out, F9 (Flyball, 9D)
|
Top of the 8th over - 0 run(s), 1 hit(s), 0 error(s), 2 left on base; Chula Vista 1 - Salem 3 |
BOTTOM OF THE 8TH |
Salem Sledgehammers batting - Pitching for Chula Vista Tacos : LHP Brian Hodges
|
Batting: RHB José García
|
0-0: Ball 1-0: Ground out 3-1 (Groundball, 34)
|
Batting: SHB Richard Griffin
|
0-0: Foul Ball, location: 2F 0-1: DOUBLE (Line Drive, 7LM)
|
Batting: SHB Enrique Uribe
|
0-0: Ground out 1-3 (Groundball, 15S)
|
Batting: RHB Bobby Miller
|
0-0: Ball 1-0: Called Strike 1-1: Swinging Strike 1-2: Strikes out looking
|
Bottom of the 8th over - 0 run(s), 1 hit(s), 0 error(s), 1 left on base; Chula Vista 1 - Salem 3 |
TOP OF THE 9TH |
Chula Vista Tacos batting - Pitching for Salem Sledgehammers : RHP Ron Moore
|
Pitching: LHP Juan Cervantes
|
|
Batting: LHB Arthur MacDonald
|
0-0: Called Strike 0-1: Foul Ball, location: 2F 0-2: Foul Ball, location: 2F 0-2: Ball 1-2: Foul Ball, location: 2F 1-2: Foul Ball, location: 2F 1-2: Ball 2-2: Foul Ball, location: 2F 2-2: Strikes out swinging
|
Batting: LHB Nick Hill
|
0-0: Called Strike 0-1: Foul Ball, location: 2F 0-2: Ball 1-2: Ball 2-2: Foul Ball, location: 2F 2-2: Strikes out swinging
|
Batting: RHB Juan Morales
|
0-0: Called Strike 0-1: Called Strike 0-2: Strikes out swinging
|
Top of the 9th over - 0 run(s), 0 hit(s), 0 error(s), 0 left on base; Chula Vista 1 - Salem 3 |
|